 Dungeon Crawl Stone Soup version 0.26.1-2-gb8aa6d0cf2 (webtiles) character file.

Game seed: 6110261297452925766

186 hawla the Conjurer (level 5, 0/40 HPs)
             Began as a Draconian Conjurer on Mar 29, 2021.
             Slain by Grinder (3 damage)
             ... on level 3 of the Dungeon.
             The game lasted 00:06:28 (2936 turns).

hawla the Conjurer (Draconian Conjurer)             Turns: 2936, Time: 00:06:29

Health: 0/40       AC:  5    Str: 10    XL:     5   Next: 38%
Magic:  6/10       EV:  9    Int: 19    God:
Gold:   39         SH:  0    Dex:  9    Spells: 4/11 levels left

rFire    . . .     SeeInvis .   j - +1 dagger (venom)
rCold    . . .     Faith    .   (no shield)
rNeg     . . .     Spirit   .   (armour unavailable)
rPois    .         Reflect  .   (helmet restricted)
rElec    .         Harm     .   (no cloak)
rCorr    .         Rampage  .   (no gloves)
Will     .....                  (no boots)
Stlth    ++........             a - amulet of regeneration
HPRegen  0.53/turn              (no ring)
MPRegen  0.12/turn              (no ring)

@: constricted
A: unfitting armour, cold-blooded, AC +5
a: no special abilities


You were on level 3 of the Dungeon.
You visited 1 branch of the dungeon, and saw 3 of its levels.

You collected 39 gold pieces.

Inventory:

Hand Weapons
 f - a +1 vampiric short sword
 j - a +1 dagger of venom (weapon)
Jewellery
 a - an amulet of regeneration (around neck)
Scrolls
 d - a scroll of magic mapping
 e - a scroll of remove curse
 i - a scroll of teleportation
 k - a scroll of amnesia {unknown}
 l - a scroll of immolation {unknown}
Potions
 b - a potion of resistance
 c - 2 potions of curing
 g - a potion of magic {unknown}
 h - a potion of brilliance {unknown}


   Skills:
 - Level 1.0 Fighting
 - Level 2.0 Dodging
 - Level 2.0 Stealth
 + Level 3.7 Spellcasting
 + Level 5.4 Conjurations


You had 4 spell levels left.
You knew the following spells:

 Your Spells              Type           Power        Failure   Level
a - Magic Dart            Conj           96%          1%          1
b - Searing Ray           Conj           48%          2%          2
c - Iskenderun's Mystic   Conj/Tloc      13%          43%         4

Your spell library contained the following spells:

 Spells                   Type           Power        Failure   Level
 Dazzling Flash           Conj/Hex       26%          14%         3
 Fulminant Prism          Conj/Hex       6%           43%         4


Dungeon Overview and Level Annotations

Branches:
Dungeon (3/15)

Altars:
Makhleb

Annotations:
D:3 Grinder


Innate Abilities, Weirdness & Mutations

Your plain brown scales are hard. (AC +5)
You cannot fit into any form of body armour.
You are cold-blooded and may be slowed by cold attacks.


Message History

Grinder is heavily wounded.
The giant cockroach closely misses you.
An orc comes into view. It is wielding a -3 club.
Grinder hits you!
* * * LOW HITPOINT WARNING * * *
The giant cockroach bites you but does no damage.
The searing ray misses Grinder.
The ball python bites you but does no damage.
The ball python grabs you. The ball python constricts you.
The giant cockroach barely misses you. Grinder hits you.
* * * LOW HITPOINT WARNING * * *
You writhe in agony.
* * * LOW HITPOINT WARNING * * *
You feel better.
The ball python bites you but does no damage.
The ball python constricts you. The giant cockroach closely misses you.
Grinder hits you!
* * * LOW HITPOINT WARNING * * *
You writhe in agony.
You die...

#.##.#.# ##.#
#....#.# #### ##..#
#.##.#.# +...#+#...#
#....#.# #........#+
#.##.#.# #........##
#.......
#.........####.####.#
+#.5.#.......'.......
#.?B@.....####.####.#
#..S.....## #.# #.#
#..!.....#+ #.# #.#
.'o..#+#...# #.. #.#
.#### ##..# #.. #.#
##.# #..# #.# #.#
#... #.# #+# #.. ###


You could see Grinder, an orc, a giant cockroach and a ball python.

Vanquished Creatures
  A bullfrog (D:3)
  Jessica (D:2)
  3 adders (D:2)
  An ooze (D:2)
  3 worms
  A dart slug (D:2)
  2 leopard geckos
  An orc (D:3)
  A ball python (D:2)
  8 bats
  7 hobgoblins
  8 jackals
  2 quokkas (D:2)
  A frilled lizard (D:3)
  4 goblins
  8 kobolds
  5 rats
57 creatures vanquished.

Notes
Turn   | Place    | Note
-------+----------+-------------------------------------------
     0 | D:1      | hawla the Draconian Conjurer began the quest for the Orb.
     0 | D:1      | Reached XP level 1. HP: 14/14 MP: 3/3
   467 | D:1      | Reached XP level 2. HP: 22/22 MP: 3/5
   617 | D:1      | Learned a level 2 spell: Searing Ray
  1043 | D:2      | Reached skill level 1 in Fighting
  1219 | D:2      | Reached XP level 3. HP: 26/28 MP: 1/6
  1358 | D:2      | Found a faded altar of an unknown god.
  1375 | D:2      | Found a burning altar of Makhleb.
  1529 | D:2      | Noticed Jessica
  1545 | D:2      | Killed Jessica
  1548 | D:2      | Reached XP level 4. HP: 15/35 MP: 4/8
  1554 | D:2      | Learned a level 4 spell: Iskenderun's Mystic Blast
  2153 | D:2      | Reached skill level 5 in Conjurations
  2607 | D:3      | Noticed a bullfrog
  2618 | D:3      | Killed a bullfrog
  2619 | D:3      | Reached XP level 5. HP: 8/40 MP: 5/10
  2917 | D:3      | Noticed Grinder
  2936 | D:3      | Slain by Grinder

Illustrated notes

Levels and vault maps discovered:
D:1:      dpeg_arrival_refuge, layout_basic
D:2:      layout_basic, lemuel_crystal_altar, chequers_ecumenical_altar_twisty,
          uniq_jessica
D:3:      layout_basic, minmay_pentangle, uniq_grinder, uniq_terence

Skill      XL: |  1  2  3  4 |
---------------+-------------+-----
Stealth        | 2 |  2.0
Dodging        | 2 |  2.0
Fighting       | 1 |  1.0
Spellcasting   | 3 |  3.7
Conjurations   | 5 |  5.4

Action                   |  1- 3 |  4- 6 || total
-------------------------+-------+-------++-------
Melee: Dagger            |    45 |    31 ||    76
       Tailslap          |     3 |     5 ||     8
       Short sword       |    15 |    35 ||    50
 Cast: Magic Dart        |    25 |    10 ||    35
       Searing Ray       |    12 |     8 ||    20
  Use: Scroll            |     4 |     1 ||     5
       Potion            |       |     3 ||     3
 Stab: Sleeping          |       |     1 ||     1
Armor: Skin              |    26 |    41 ||    67
Dodge: Dodged            |    52 |    77 ||   129
